 Seeded DCSS version 0.30.1-9-gdf580d7c3d (webtiles) character file.

Game seed: 9106806156630997546 (custom seed)

335 Psyclone the Destroyer (level 6, 32/32 HPs)
             Began as a Deep Elf Conjurer on Oct 9, 2023.
             Was an Initiate of Gozag.
             Quit the game in a sewer.
             The game lasted 00:03:00 (997 turns).

Psyclone the Destroyer (Deep Elf Conjurer)           Turns: 997, Time: 00:03:00

Health: 32/32      AC:  2    Str:  4    XL:     6   Next: 28%
Magic:  12/12      EV: 12    Int: 25    God:    Gozag
Gold:   135        SH:  0    Dex: 13    Spells: 8/11 levels left

rFire   . . .        e - +16 obsidian axe {drain, demonic, Mesm Drain Fly SInv}
rCold   . . .        (no shield)
rNeg    . . .        a - +0 robe
rPois   .            (no helmet)
rElec   .            (no cloak)
rCorr   .            (no gloves)
SInv    +            (no boots)
Will    ++...        (no amulet)
Stlth   ++           (no ring)
HPRegen 1.05/turn    (no ring)
MPRegen 0.13/turn

%: no passive effects
@: gold aura, flying
A: strong-willed 2, regeneration 1, wild magic 1
a: Renounce Religion, Potion Petition, Call Merchant, Bribe Branch


You were in a sewer.
You worshipped Gozag.
Gozag was aware of your devotion.
You visited 2 branches of the dungeon, and saw 8 of its levels.
You also visited: Sewer.

You collected 222 gold pieces.
You paid 87 gold pieces to Gozag.

Inventory:

Hand Weapons
 e - the +16 obsidian axe (weapon) {drain, demonic, Mesm Drain Fly SInv}
   (You acquired it in a sewer)

   Mesm:      Its wielder is mesmerised by any visible foes, and it cannot be
   unequipped while any foes are visible.
   SInv:      It lets you see invisible.
   Fly:       It grants you flight.
   Drain:     It drains your maximum health when unequipped.
Armour
 a - a +0 robe (worn)
Scrolls
 f - a scroll of fear {unknown}
Potions
 b - a potion of magic
 c - a potion of haste {unknown}
 d - a potion of degeneration {unknown}
 g - a potion of heal wounds {unknown}


   Skills:
 - Level 2.4 Dodging
 - Level 2.4 Stealth
 - Level 3.0 Spellcasting
 + Level 8.4 Conjurations


You had 8 spell levels left.
You knew the following spells:

 Your Spells              Type           Power      Damage    Failure   Level
a - Magic Dart            Conj           100%       1d8       1%          1
b - Searing Ray           Conj           100%       2d8       1%          2

Your spell library contained the following spells:

 Spells                   Type           Power      Damage    Failure   Level
 Dazzling Flash           Conj/Hex       64%        N/A       9%          3
 Fulminant Prism          Conj/Hex       16%        3d10      26%         4
 Iskenderun's Mystic Bla  Conj/Tloc      32%        2d8       26%         4


Dungeon Overview and Level Annotations

Branches:
Dungeon (7/15) Zot: 26790  Temple (1/1) D:5 Zot: 5977   Sewer (1/1) Zot: 5798

Altars:
Dithmenos
Gozag
Hepliaklqana
Okawaru
Qazlal
Ru
Sif Muna
Trog
Uskayaw
Wu Jian
Xom
Yredelemnul

Annotations:
D:3 Natasha


Innate Abilities, Weirdness & Mutations

You are highly strong-willed. (Will++)
Your natural rate of healing is unusually fast.
Your spells are a little harder to cast, but a little more powerful.


Message History

You are no longer entranced.
Visions of slaying the adder flood into your mind.
You slash the plant!
The plant begins to die.
The plant is lightly damaged.
You slash the plant!
The plant begins to die.
You drain the plant. You slash the plant! You drain the plant.
The plant is lightly damaged.
You slash the plant! You slash the plant! You drain the plant.
The plant is moderately damaged.
You slash the plant! You drain the plant.
A nearby plant withers and dies. x2
A frilled lizard comes into view.
The frilled lizard hisses angrily.
The adder bites you.
You take 2 damage, and have 30/32 hp.
You slash the adder!
The adder is almost dead.
The adder misses you. x2
Health restored: 32 You hit the adder.
You are no longer entranced.
You kill the adder!
A kobold brigand comes into view.
It is wielding a +2 dagger of draining and quivering poisoned darts.
Visions of slaying the kobold brigand flood into your mind.
You see here 4 gold pieces.
Visions of slaying the frilled lizard flood into your mind.
You cannot move away from the frilled lizard!
You cannot move away from the frilled lizard!
You cannot move away from the frilled lizard!
You cannot move away from the frilled lizard!
You see here 4 gold pieces.
The frilled lizard bites you but does no damage.
You barely miss the frilled lizard.
The frilled lizard barely misses you. x2
You slice the frilled lizard!!
You break out of your daze!
You kill the frilled lizard!
You now have 135 gold pieces (gained 6).
Unknown command.
Unknown command.
Are you sure you want to abandon this character and quit the game? (Confirm with "yes".)

#.~~~~~~~~~..~.# #~ #
#~#########.~.## ## ≈≈≈
#~#.........~.~~~~~~
≈≈≈≈#~#.~~..~.~.~.~.####
≈≈≈≈~.P~...~~~~~~~.~#
≈≈≈≈P....~.P~~~~~~.~.
≈≈≈≈≈.~~~~..P~~~~..~h.
≈≈≈≈≈.~~...P.P~~.~~..~.
≈≈≈≈≈≈~~.#@#.~....
≈≈≈≈≈≈~~.#~#...PPP
≈≈≈≈≈≈≈≈≈#$# ≈.l~.
≈≈≈≈≈≈≈≈≈#~# ≈≈#
≈≈≈≈≈≈≈≈#~# ≈#
≈≈≈≈≈≈≈#~# # #~# #~# #~#


There were no monsters in sight!

Vanquished Creatures
  A sky beast (D:7)
  A kobold brigand (Sewer)
  A bullfrog (D:6)
  4 adders
  3 river rats
  2 dart slugs
  3 orcs (D:5)
  4 ball pythons
  A bat (D:1)
  An endoplasm (D:4)
  2 giant cockroaches (D:5)
  A hobgoblin (D:4)
  3 jackals
  3 kobolds
  2 frilled lizards (Sewer)
  2 rats (D:5)
34 creatures vanquished.

Notes
Turn   | Place    | Note
-------+----------+-------------------------------------------
     0 | D:1      | Psyclone the Deep Elf Conjurer began the quest for the Orb.
     0 | D:1      | Reached XP level 1. HP: 10/10 MP: 6/6
    28 | D:2      | Found a stormy altar of Qazlal.
   142 | D:2      | Reached XP level 2. HP: 15/15 MP: 5/8
   205 | D:2      | Learned a level 2 spell: Searing Ray
   206 | D:3      | Noticed Natasha
   229 | D:4      | Reached skill level 5 in Conjurations
   311 | D:5      | Entered Level 5 of the Dungeon
   382 | D:5      | Reached XP level 3. HP: 19/19 MP: 4/9
   462 | D:5      | Found a staircase to the Ecumenical Temple.
   466 | D:5      | Noticed a scorpion
   470 | Temple   | Entered the Ecumenical Temple
   481 | Temple   | Became a worshipper of Gozag Ym Sagoz the Greedy
   492 | D:5      | Noticed a yak
   493 | D:5      | Noticed a yak
   508 | D:6      | Noticed a bullfrog
   513 | D:6      | Killed a bullfrog
   514 | D:6      | Reached skill level 6 in Conjurations
   514 | D:6      | Reached XP level 4. HP: 3/24 MP: 2/10
   606 | D:7      | Noticed a sky beast
   613 | D:7      | Killed a sky beast
   614 | D:7      | Reached skill level 7 in Conjurations
   614 | D:7      | Reached XP level 5. HP: 13/28 MP: 1/11
   790 | D:5      | Found a glowing drain.
   812 | Sewer    | Entered a sewer
   847 | Sewer    | Gained mutation: Your spells are a little harder to cast,
                  | but a little more powerful. [potion of mutation]
   847 | Sewer    | Gained mutation: You are strong-willed. (Will+) [potion of
                  | mutation]
   847 | Sewer    | Gained mutation: You are highly strong-willed. (Will++)
                  | [potion of mutation]
   847 | Sewer    | Gained mutation: Your natural rate of healing is unusually
                  | fast. [potion of mutation]
   848 | Sewer    | Identified a scroll of acquirement
   848 | Sewer    | Acquired the +16 obsidian axe {drain, demonic, Mesm Drain
                  | Fly SInv}
   848 | Sewer    | Found the +16 obsidian axe {drain, demonic, Mesm Drain Fly
                  | SInv}
   904 | Sewer    | Reached skill level 8 in Conjurations
   904 | Sewer    | Reached XP level 6. HP: 24/32 MP: 12/12
   997 | Sewer    | Quit the game

Illustrated notes

Levels and vault maps discovered:
D:1:      onia_arrival_mini_spirals, layout_loops_ring, serial_shops, shop
D:2:      layout_rooms, basic_altar, reono_crystal_passage, minmay_tetromino_l2,
          uniq_robin, uniq_jessica, uniq_crazy_yiuf_cottage
D:3:      layout_loops_ring, uniq_sigmund, uniq_natasha
D:4:      layout_rooms, ebering_ghost_sewer_d, nicolae_take_the_stairs,
          grunt_ministairs_6, ebering_dispersal_statue_hall,
          minmay_ogre_servants
D:5:      nicolae_cairo_tiling_large, layout_basic, slow_altar_2,
          minmay_temple_entry_junction_2, portal_sewer_entry_b
D:6:      layout_cave_pools
D:7:      layout_basic, elyvilon_altar_3
Temple:   nicolae_temple_bog_church
Sewer:    sewer_co_scattered_pipes

Skill      XL: |  1  2  3  4  5 |
---------------+----------------+-----
Conjurations   | 5 6 7 8 |  8.4
Dodging        | |  2.4
Stealth        | |  2.4
Spellcasting   | |  3.0

Action                     |  1- 3 |  4- 6 || total
---------------------------+-------+-------++-------
  Melee: Broad axe         |       |    29 ||    29
   Cast: Magic Dart        |    21 |       ||    21
         Searing Ray       |     4 |     4 ||     8
    Use: Scroll            |       |     1 ||     1
         Potion            |       |     1 ||     1
   Stab: Sleeping          |       |     1 ||     1
 Armour: Robe              |     1 |     3 ||     4
  Dodge: Dodged            |    12 |     7 ||    19
